 Dungeon Crawl Stone Soup version 0.17-a0-2127-g1cb09f6 (webtiles) character file.

2737 Maka the Basher (level 9, 0/84 HPs)
             Began as an Ogre Berserker on Oct 22, 2015.
             Was a Priest of Trog.
             Slain by a gnoll
             ... wielding a +0 flail
              (6 damage)
             ... on level 6 of the Dungeon.
             The game lasted 00:11:10 (5913 turns).

Maka the Basher (Ogre Berserker)                    Turns: 5913, Time: 00:11:11

Health: 0/84       AC:  5    Str: 24    XL:     9   Next: 67%
Magic:  9/9        EV: 13    Int:  6    God:    Trog [***...]
Gold:   235        SH:  0    Dex: 12    Spells: 0 memorised, 8 levels left

rFire  . . .     SeeInvis +     a - +2 dire flail (drain)
rCold  + . .     Clarity  .     s - +1 animal skin
rNeg   . . .     SustAt   .     (no shield)
rPois  .         Gourm    .     (helmet restricted)
rElec  .         Spirit   .     w - +0 cloak {+Inv}
rCorr  .         Warding  .     (gloves unavailable)
rMut   +         Stasis   .     (boots unavailable)
MR     ++...                    e - amulet of resist mutation
Stlth  +.........               o - ring of protection from cold
                                m - ring of see invisible

@: regenerating, very resistant to hostile enchantments, very unstealthy
A: unfitting armour, tough skin 1
a: Berserk, Trog's Hand, Burn Spellbooks, Renounce Religion, Evoke Invisibility


You were on level 6 of the Dungeon.
You worshipped Trog.
Trog was most pleased with you.
You were hungry.

You visited 1 branch of the dungeon, and saw 6 of its levels.

You collected 315 gold pieces.
You spent 80 gold pieces at shops.

Inventory:

Hand Weapons
 a - a +2 dire flail of draining (weapon)
 b - a +0 giant spiked club
Armour
 s - a +1 animal skin (worn)
 w - a +0 cloak of invisibility (worn)
Jewellery
 e - an amulet of resist mutation (around neck)
 m - a ring of see invisible (left hand)
 o - a ring of protection from cold (right hand)
Wands
 k - a wand of magic darts (32)
Scrolls
 i - 2 scrolls of fog
 j - 3 scrolls of remove curse
 p - 3 scrolls of teleportation
 x - a scroll of recharging
Potions
 d - 2 potions of invisibility
 f - a potion of haste
 g - 3 potions of heal wounds
 h - a potion of poison {unknown}
 n - 4 potions of curing
 r - a potion of mutation {unknown}
 t - a potion of cure mutation {unknown}
 u - a potion of berserk rage {unknown}
 v - a potion of flight {unknown}
Books
 l - a Fen Folio

   Spells                             Type                      Level
   a - Corpse Rot                     Necromancy                   2
   b - Stone Arrow                    Conjuration/Earth            3
   c - Leda's Liquefaction            Hexes/Earth                  4
   d - Summon Forest                  Summoning/Translocation      5
   e - Hydra Form                     Transmutation                6
   f - Summon Hydra                   Summoning                    7
   Trog disapproves of the use of such an item.
 q - a book of Annihilations

   Spells                             Type                      Level
   a - Poison Arrow                   Conjuration/Poison           6
   b - Chain Lightning                Conjuration/Air              8
   c - Lehudib's Crystal Spear        Conjuration/Earth            8
   d - Glaciate                       Conjuration/Ice              9
   e - Fire Storm                     Conjuration/Fire             9
   Trog disapproves of the use of such an item.
Comestibles
 c - 4 bread rations
 z - a slice of pizza


   Skills:
 - Level 4.0 Fighting
 + Level 12.9 Maces & Flails
 - Level 8.2 Dodging


You had 8 spell levels left.
You didn't know any spells.

Dungeon Overview and Level Annotations

Branches:
Dungeon (6/15)             Temple (0/1) D:4

Altars:
Ashenzari
Elyvilon
Ru
Vehumet
Zin
The Shining One

Shops:
D:4 !


Innate Abilities, Weirdness & Mutations

You are too large for most types of armour.
You have tough skin (AC +1).


Message History

You kill the gnoll!
Trog accepts your kill.
The gnoll throws a throwing net.
The throwing net closely misses you. The gnoll hits you with a flail!
* * * LOW HITPOINT WARNING * * *
The gnoll misses you. The gnoll hits you with a flail!
* * * LOW HITPOINT WARNING * * *
Items here: ( ))) [ † You are too injured to fight recklessly!
You are too injured to fight recklessly!
You are too injured to fight recklessly!
You are too injured to fight recklessly!
Use which ability?
Your skin crawls.
You feel resistant to hostile enchantments.
You feel slightly more hungry.
The gnoll hits you from afar with a spear.
* * * LOW HITPOINT WARNING * * *
The gnoll hits you with a flail.
You die...

##..# ##.# #.... . #...# #.##
###.... ..###...# ##.# #...###
........# ##.## #...###
........# ##.P.# #..#...
#.......# #PPP.# #.###..
#....g# ##..## #.##...
#..g####....#####....
#..g@.....(.#..#.....
#######.......#...###
###............
#####.........#.
########.........###.#. ..
####...........#........#.
#.####.........####.......#....
#.............## #...###.#.###
#............## ##.....(#....


You could see 3 gnolls.

Vanquished Creatures
  Pikel (D:5)
  Sigmund (D:4)
  A yak (D:6)
  Edmund (D:5)
  A soldier ant (D:6)
  Duvessa (D:5)
  4 slaves (D:5)
  An ice beast (D:6)
  2 phantoms (D:5)
  3 ogres
  A centaur (D:5)
  Blork the orc (D:6)
  2 giant frogs (D:6)
  Dowan (D:5)
  4 wights (D:5)
  A jelly (D:6)
  2 crimson imps
  3 orc priests (D:5)
  Crazy Yiuf (D:6)
  A giant frog skeleton (D:6)
  An iguana (D:4)
  3 orc wizards
  A gnoll shaman (D:6)
  2 hounds
  3 worker ants
  3 gnolls (D:6)
  2 shadow imps
  An adder (D:6)
  2 worms (D:2)
  3 giant geckos
  18 orcs
  5 bats
  3 giant cockroaches
  10 goblins
  9 hobgoblins
  6 jackals
  2 quokkas (D:5)
  5 giant newts
  A jackal zombie (D:5)
  9 kobolds
  A quokka skeleton (D:6)
  4 rats
127 creatures vanquished.

Notes
Turn   | Place    | Note
--------------------------------------------------------------
     0 | D:1      | Maka the Ogre Berserker began the quest for the Orb.
     0 | D:1      | Reached XP level 1. HP: 24/24 MP: 1/1
   110 | D:1      | Reached XP level 2. HP: 29/32 MP: 2/2
   239 | D:1      | Reached skill level 5 in Maces & Flails
   910 | D:2      | Reached XP level 3. HP: 36/39 MP: 3/3
   996 | D:2      | Reached ** piety under Trog
  1034 | D:2      | Found a faded altar to an unknown god.
  1308 | D:2      | Found a shattered altar of Ashenzari.
  1488 | D:2      | Reached skill level 6 in Maces & Flails
  1621 | D:2      | Found a glowing silver altar of Zin.
  1621 | D:2      | Found a white marble altar of Elyvilon.
  1621 | D:2      | Found a glowing golden altar of the Shining One.
  1800 | D:3      | Reached XP level 4. HP: 48/48 MP: 4/4
  2297 | D:3      | Found a radiant altar of Vehumet.
  2342 | D:3      | Found a sacrificial altar of Ru.
  2378 | D:3      | You fall through a shaft!
  2425 | D:4      | Found Paofere's Distillery.
  2428 | D:4      | Reached XP level 5. HP: 52/54 MP: 5/5
  2441 | D:4      | Bought a potion of curing for 30 gold pieces
  2441 | D:4      | Bought a potion of heal wounds for 50 gold pieces
  2460 | D:4      | Found a staircase to the Ecumenical Temple.
  3147 | D:4      | Noticed Sigmund
  3163 | D:4      | Killed Sigmund
  3163 | D:4      | Reached skill level 5 in Dodging
  3163 | D:4      | Reached XP level 6. HP: 55/62 MP: 6/6
  3397 | D:4      | Noticed an ogre
  3405 | D:4      | Killed an ogre
  3508 | D:4      | Reached XP level 7. HP: 62/70 MP: 7/7
  3622 | D:5      | Entered Level 5 of the Dungeon
  3684 | D:5      | Reached *** piety under Trog
  3803 | D:5      | Reached skill level 7 in Dodging
  3987 | D:5      | Noticed Duvessa
  3987 | D:5      | Noticed Dowan
  3999 | D:5      | Killed Duvessa
  4005 | D:5      | Killed Dowan
  4005 | D:5      | Reached XP level 8. HP: 14/78 MP: 8/8
  4057 | D:5      | Noticed Edmund
  4070 | D:5      | Killed Edmund
  4070 | D:5      | Reached skill level 8 in Dodging
  4613 | D:5      | Reached skill level 9 in Maces & Flails
  4717 | D:5      | Noticed Pikel
  4722 | D:5      | Killed Pikel
  4722 | D:5      | Reached skill level 11 in Maces & Flails
  4722 | D:5      | Reached XP level 9. HP: 81/84 MP: 9/9
  5477 | D:6      | Reached skill level 12 in Maces & Flails
  5862 | D:6      | Noticed Crazy Yiuf
  5865 | D:6      | Killed Crazy Yiuf
  5889 | D:6      | Noticed Blork the orc
  5893 | D:6      | Killed Blork the orc
  5913 | D:6      | Slain by a gnoll

Vault maps used:
D:1:      roderic_crossed_star
D:2:      good_gods_mini_temple, ashenzari_conservatory_becter,
          ecumenical_altar_1
D:3:      old_standard_altar, lemuel_doored_altar, first_bread,
          minmay_surrounded
D:4:      minmay_temple_entry_overgrown, serial_shops, shop, uniq_sigmund
D:5:      uniq_duvessa, uniq_edmund, uniq_pikel
D:6:      hangedman_cross_stitches, uniq_blork_the_orc, uniq_crazy_yiuf_cottage

Action                   |  1- 3 |  4- 6 |  7- 9 || total
-------------------------+-------+-------+-------++-------
Melee: Mace              |   127 |   104 |       ||   231
       Giant spiked club |       |     1 |    54 ||    55
       Dire flail        |       |       |   162 ||   162
Invok: Berserk           |     1 |     1 |     3 ||     5
       Trog's Hand       |       |     3 |     6 ||     9
  Use: Scroll            |     7 |     2 |     3 ||    12
  Eat: Chunk             |     4 |     7 |     6 ||    17
       Beef jerky        |       |       |     3 ||     3
